 Dungeon Crawl Stone Soup version 0.22.0-25-g7663229 (webtiles) character file.

0 Lew the Skirmisher (level 1, -1/14 HPs)
             Began as a Gargoyle Abyssal Knight on Aug 20, 2018.
             Was a Follower of Lugonu.
             Slain by a small abomination (14 damage)
             ... on level 3 of the Abyss.
             The game lasted 00:00:37 (96 turns).

Lew the Skirmisher (Gargoyle Abyssal Knight)          Turns: 96, Time: 00:00:37

Health: -1/14      AC:  5    Str: 15    XL:     1   Next: 0%
Magic:  2/2        EV: 11    Int: 12    God:    Lugonu [*.....]
Gold:   0          SH:  0    Dex:  9    Spells: 0/0 levels left

rFire    . . .     SeeInvis .   a - +1 hand axe
rCold    . . .     Gourm    .   (no shield)
rNeg     + . .     Faith    .   b - +0 leather armour
rPois    ∞         Spirit   .   (no helmet)
rElec    +         Reflect  .   (no cloak)
rCorr    .         Harm     .   (no gloves)
MR       .....                  (no boots)
Stlth    +.........             (no amulet)
HPRegen  0.04/turn              (no ring)
MPRegen  0.08/turn              (no ring)

@: no status effects
A: negative energy resistance 1, electricity resistance, unbreathing,
petrification resistance, rot immunity, AC +2
a: Depart the Abyss, Renounce Religion


You were on level 3 of the Abyss.
You worshipped Lugonu.
Lugonu was aware of your devotion.
You were not hungry.

You visited 0 branches of the dungeon, and saw 0 of its levels.
You visited the Abyss 1 time.

Inventory:

Hand Weapons
 a - a +1 hand axe (weapon)
Armour
 b - a +0 leather armour (worn)
Comestibles
 c - a ration


   Skills:
 + Level 3.2 Fighting
 + Level 1.7 Axes
 + Level 2.1 Armour
 + Level 0.7 Dodging
 + Level 2.0 Invocations


You couldn't memorise any spells.
You didn't know any spells.
Your spell library was empty.

Dungeon Overview and Level Annotations

Branches:
Dungeon (0/15)

Altars:


Innate Abilities, Weirdness & Mutations

You are resistant to torment.
Your stone body is resilient. (AC +2)
You are immune to poison.
You resist negative energy. (rN+)
You are resistant to electric shocks. (rElec)
You can survive without breathing.
You are immune to petrification.
You are immune to rotting.


Message History

A large abomination comes into view.
The large abomination moves out of view.
Found 29 gold pieces.
Found 4 tomahawks of returning.
A tentacled starspawn comes into view.
A tentacle flies out from the starspawn's body!
Found 16 bolts.
A starspawn tentacle comes into view.
A starspawn tentacle comes into view.
The starspawn tentacle grabs you. The starspawn tentacle constricts you.
The starspawn tentacle's grasp on you weakens, but your attempt to escape fails.
The small abomination hits you but does no damage.
The starspawn tentacle loses its grip on you.
The tentacle pulls you backwards!
The starspawn tentacle closely misses you.
The small abomination completely misses you.
The starspawn tentacle barely misses you.
The small abomination hits you!
Ouch! That really hurt!
You die...

###......##..........
...X/................
#....─................
##......................
%. ..................#
$...###...............##
..X##........X.........#
.#....#.##...x.......
##...#..... #.(.@.......
.#..... ................
_#..##.................#
_..##.................##
...####....#..##....#.#
.._....##......#.#.## .#
...#.## .......##.## .
.# .# .#... . ## .# (.


You could see a large abomination and a small abomination.

Vanquished Creatures (others)
  2 starspawn tentacles (Abyss:3)
2 creatures vanquished.

Notes
Turn   | Place    | Note
-------+----------+-------------------------------------------
     0 | Abyss:1  | Lew the Gargoyle Abyssal Knight began the quest for the Orb.
     0 | Abyss:1  | Reached XP level 1. HP: 14/14 MP: 2/2
    60 | Abyss:2  | Noticed a blink frog
    60 | Abyss:2  | Noticed a blink frog
    78 | Abyss:3  | Found a shimmering altar of Xom.
    78 | Abyss:3  | Found a shadowy altar of Dithmenos.
    78 | Abyss:3  | Found a shimmering altar of Xom.
    78 | Abyss:3  | Found a shimmering altar of Xom.
    78 | Abyss:3  | Found a shimmering altar of Xom.
    78 | Abyss:3  | Found a shimmering altar of Xom.
    78 | Abyss:3  | Found a shimmering altar of Xom.
    78 | Abyss:3  | Found a shimmering altar of Xom.
    78 | Abyss:3  | Found a shimmering altar of Xom.
    78 | Abyss:3  | Found a shimmering altar of Xom.
    78 | Abyss:3  | Found a shimmering altar of Xom.
    78 | Abyss:3  | Found a shimmering altar of Xom.
    78 | Abyss:3  | Found a shimmering altar of Xom.
    78 | Abyss:3  | Found a shimmering altar of Xom.
    78 | Abyss:3  | Found a corrupted altar of Lugonu.
    81 | Abyss:3  | Noticed a thrashing horror
    81 | Abyss:3  | Noticed a large abomination
    86 | Abyss:3  | Noticed a small abomination
    87 | Abyss:3  | Noticed a tentacled starspawn
    91 | Abyss:3  | Noticed a tentacled starspawn
    96 | Abyss:3  | Slain by a small abomination

Action                   || total
-------------------------++-------
Armor: Leather armour    ||     1
Dodge: Dodged            ||     3
